 Dungeon Crawl Stone Soup version 0.30-a0-737-gf23d94013f (webtiles) character file.

Game seed: 7744274617697894774

37678 bande the Cleaver (level 13, 0/82 HPs)
             Began as a Gargoyle Fighter on Feb 2, 2023.
             Was the Champion of Okawaru.
             Slain by Rupert
             ... wielding a +1 great mace of protection
              (16 damage)
             ... on level 5 of the Lair of Beasts.
             The game lasted 00:28:09 (14343 turns).

bande the Cleaver (Gargoyle Fighter)               Turns: 14343, Time: 00:28:10

Health: 0/82       AC: 37    Str: 29    XL:     13   Next: 98%
Magic:  20/20      EV: 15    Int: 10    God:    Okawaru [******]
Gold:   1726       SH: 12    Dex: 20    Spells: 12/12 levels left

rFire   . . .      SeeInvis .    f - +5 broad axe (flame)
rCold   . . .      Faith    .    c - +0 buckler
rNeg    + + .      Spirit   .    Q - +6 troll leather armour "Wudwydeg" {Regen+ Str+5 Int+4 Dex+4 Stlth+}
rPois   ∞          Reflect  +    v - +1 hat
rElec   +          Harm     .    S - +0 cloak
rCorr   .          Rampage  +    U - +3 pair of gloves of Afuf {rN+ Regen+ Int-3 Slay+2}
Will    +....                    p - +2 pair of boots {rampage}
Stlth   ++                       H - amulet "Oggis" {Reflect +Inv Will+ Dex+4 SH+5}
HPRegen 2.73/turn                s - +4 ring of protection
MPRegen 0.17/turn                F - +5 ring of evasion

@: no status effects
A: sickness immunity, AC +9, negative energy resistance 1, electricity
resistance, torment resistance 1, petrification resistance, antennae 1,
iridescent scales 1, passive freeze, regeneration 1, strong 1
a: Renounce Religion, Evoke Invisibility, Heroism, Finesse, Duel


You were on level 5 of the Lair of Beasts.
You worshipped Okawaru.
Okawaru was exalted by your worship.
You visited 3 branches of the dungeon, and saw 17 of its levels.
You also visited: Volcano.

You collected 1913 gold pieces.
You spent 187 gold pieces at shops.

Inventory:

Hand Weapons
 f - a +5 broad axe of flaming (weapon)
 M - a +2 broad axe of flaming
 O - a +2 demon blade of flaming
Missiles
 q - a throwing net (quivered)
Armour
 c - a +0 buckler (worn)
 m - a +1 pair of gloves
 p - a +2 pair of boots of rampaging (worn)
 v - a +1 hat (worn)
 N - a +1 chain mail of fire resistance
 Q - the +6 troll leather armour "Wudwydeg" (worn) {Regen+ Str+5 Int+4 Dex+4 Stlth+}
   (Okawaru gifted it to you on level 4 of the Lair of Beasts)

   Str:       It affects your strength (+5).
   Int:       It affects your intelligence (+4).
   Dex:       It affects your dexterity (+4).
   Regen:     It increases your rate of health regeneration.
   Stlth:     It makes you more stealthy.
 S - a +0 cloak (worn)
 U - the +3 pair of gloves of Afuf (worn) {rN+ Regen+ Int-3 Slay+2}
   (Okawaru gifted it to you on level 5 of the Lair of Beasts)

   Int:       It affects your intelligence (-3).
   Slay:      It affects your accuracy & damage with ranged weapons and melee
   (+2).
   rN:        It protects you from negative energy.
   Regen:     It increases your rate of health regeneration.
Jewellery
 e - a +6 ring of intelligence
 s - a +4 ring of protection (left hand)
 y - a ring of fire
 B - a ring of resist corrosion
 F - a +5 ring of evasion (right hand)
 H - the amulet "Oggis" (around neck) {Reflect +Inv Will+ Dex+4 SH+5}
   (You found it on level 9 of the Dungeon)

   [amulet of reflection]

   It reflects blocked missile attacks.
   Dex:       It affects your dexterity (+4).
   +Inv:      It lets you turn invisible.
   SH:        It affects your SH (+5).
   Will:      It increases your willpower.
 R - a ring of protection from cold
 T - a ring of protection from cold
Wands
 l - a wand of flame (10)
 x - a wand of digging (6)
 J - a wand of light (12)
 K - a wand of roots (10)
Scrolls
 a - 5 scrolls of teleportation
 b - 3 scrolls of amnesia
 d - a scroll of silence {unknown}
 h - 2 scrolls of enchant weapon
 r - 4 scrolls of fear
 t - 3 scrolls of poison
 z - a scroll of blinking
 E - a scroll of acquirement
 P - a scroll of identify
Potions
 g - a potion of ambrosia
 i - 3 potions of haste
 j - 6 potions of resistance
 k - 3 potions of curing
 n - 3 potions of heal wounds
 o - 4 potions of magic
 u - 2 potions of berserk rage
 w - 4 potions of cancellation
 A - 2 potions of might
 C - 3 potions of flight
 D - 3 potions of mutation
 G - 8 potions of brilliance
 I - a potion of experience
 L - a potion of invisibility


   Skills:
 + Level 10.0 Fighting
 + Level 14.0 Axes
 + Level 9.3 Armour
 + Level 9.2 Shields
 * Level 10.3 Invocations
 * Level 6.9 Evocations


You had 12 spell levels left.
You didn't know any spells.
Your spell library contained the following spells:

 Spells                   Type           Power      Damage    Failure   Level
 Freeze                   Ice            0%         1d3       45%         1
 Magic Dart               Conj           0%         1d3       45%         1
 Slow                     Hex            0%         N/A       45%         1
 Blink                    Tloc           0%         N/A       58%         2
 Ensorcelled Hibernation  Hex/Ice        0%         N/A       58%         2
 Lesser Beckoning         Tloc           0%         N/A       58%         2
 Momentum Strike          Conj/Tloc      0%         3d8       58%         2
 Passwall                 Tmut/Erth      0%         N/A       58%         2
 Searing Ray              Conj           0%         2d4       58%         2
 Confusing Touch          Hex            0%         N/A       83%         3
 Dazzling Flash           Conj/Hex       0%         N/A       83%         3
 Frozen Ramparts          Ice            0%         1d1       83%         3
 Hailstorm                Conj/Ice       0%         3d3       83%         3
 Swiftness                Air            0%         N/A       83%         3
 Vampiric Draining        Necr           0%         2d6       83%         3
 Fulminant Prism          Conj/Hex       0%         3d5       99%         4
 Manifold Assault         Tloc           0%         N/A       99%         4
 Agony                    Necr           0%         N/A       100%        5
 Iskenderun's Battlesphe  Conj           0%         2d6       100%        5
 Silence                  Hex/Air        0%         N/A       100%        5
 Iron Shot                Conj/Erth      0%         9d1       100%        6
 Storm Form               Tmut/Air       0%         N/A       100%        7
 Spellforged Servitor     Conj/Summ      Unusable   N/A       N/A         7

Dungeon Overview and Level Annotations

Branches:
Dungeon (11/15)            Temple (1/1) D:4            Lair (5/5) D:11
  Swamp (0/4) Lair:2       Spider (0/4) Lair:3        Slime (0/5) Lair:4
Volcano (visited)
    Orc: D:9-12

Altars:
Ashenzari
Cheibriados
Dithmenos
Elyvilon
Fedhas
Gozag
Hepliaklqana
Kikubaaqudgha
Makhleb
Nemelex Xobeh
Okawaru
Qazlal
Ru
Sif Muna
Trog
Uskayaw
Vehumet
Wu Jian
Xom
Yredelemnul
Zin
The Shining One
Jiyva

Shops:
D:8 [

Portals:
Trove: D:11 (give 2 scrolls of acquirement)

Annotations:
Lair:5 Rupert


Innate Abilities, Weirdness & Mutations

You are immune to sickness and miasma.
Your stone body is resilient. (AC +9)
You are immune to poison.
You resist negative energy. (rN+)
You are resistant to electric shocks. (rElec)
You are resistant to unholy torment.
You are immune to petrification.
You have a pair of small antennae on your head.
You are partially covered in iridescent scales. (AC +2)
A frigid envelope surrounds you and freezes all who hurt you.
Your natural rate of healing is unusually fast.
Your muscles are strong. (Str +4, Int/Dex -1)


Message History

The black mamba bites you but does no damage.
The black mamba is very cold.
The black mamba seems to slow down.
The black mamba is heavily wounded.
You block Rupert's attack. You block the komodo dragon's attack.
Your Axes skill increases to level 14!
You hit Rupert but do no damage.
Rupert is heavily wounded.
You hit the komodo dragon. You burn the komodo dragon.
You hit the black mamba but do no damage.
Rupert closely misses you. You block the black mamba's attack.
You block the komodo dragon's attack.
Unknown command.
You slash Rupert! You burn Rupert.
Rupert is heavily wounded.
You closely miss the komodo dragon. You slash the black mamba!
You burn the black mamba. Rupert barely misses you.
You block the black mamba's attack. You block Rupert's attack.
You barely miss Rupert.
Rupert is heavily wounded.
You hit the black mamba. You burn the black mamba. You hit the komodo dragon.
You burn the komodo dragon.
The black mamba bites you but does no damage.
The black mamba is very cold.
You kill the black mamba!
Okawaru accepts your kill. You block the komodo dragon's attack.
Rupert barely misses you.
You slice Rupert!! You burn Rupert!
Rupert is severely wounded.
You hit the komodo dragon. You burn the komodo dragon.
You block Rupert's attack. The komodo dragon closely misses you.
Unknown command.
You slash Rupert! You burn Rupert.
Rupert is almost dead.
You hit the komodo dragon. You burn the komodo dragon.
You kill the komodo dragon!
Okawaru accepts your kill.
Rupert hits you with a +1 great mace of protection!!
* * * LOW HITPOINT WARNING * * *
Rupert hits you with a +1 great mace of protection!
You die...

......... ........#
........# #......P#
.. ##....... ...#
#.......## ....
#....†..# ....#
##...@.# .....####
#...†@†# #....##
##.....## #....
###....# #....
##.$.### ####..#.
#......# #....#.#
#.#....#####)...###
##........##...##
#..k.....###..##


You could see Rupert (berserk).

Vanquished Creatures
  The ghost of Dutwide the Impaler, a journeyman MfGl of Yredelemnul (Lair:4)
  2 hydras
  4 centaur warriors
  A two-headed ogre (D:10)
  5 death yaks (Lair:5)
  A hell knight (Volcano)
  A sea snake (Lair:5)
  2 deep elf pyromancers
  2 manticores (Lair:5)
  An ugly thing (D:11)
  2 cyclopes
  9 elephants
  A black mamba (Lair:5)
  2 unseen horrors
  3 cane toads
  6 rime drakes
  10 komodo dragons
  2 yaktaurs (Volcano)
  A guardian mummy (D:11)
  3 trolls
  4 polar bears
  5 hornets
  A wind drake (Lair:5)
  A slime creature (D:9)
  Sigmund (D:3)
  4 wraiths
  A vampire (D:11)
  2 spriggans (Lair:4)
  3 basilisks
  27 yaks
  3 wyverns
  2 swamp worms (D:7)
  3 steam dragons
  16 water moccasins
  An acid dragon (D:9)
  2 sky beasts
  6 orc warriors
  2 ice beasts
  An ogre (D:6)
  13 wolves
  2 centaurs
  A boggart (Lair:4)
  A phantom (D:6)
  9 bullfrogs
  2 kobold brigands
  2 gnoll sergeants
  2 necrophages
  5 scorpions
  6 wights
  5 killer bees
  5 howler monkeys
  An electric eel (D:11)
  A quasit (D:5)
  A hound (D:5)
  10 orc priests
  A jelly (D:7)
  3 gnoll boudas
  8 orc wizards
  An iguana (D:5)
  7 hell rats (Lair:5)
  Robin (D:2)
  17 gnolls
  9 adders
  A shadow imp (D:5)
  4 white imps
  2 ufetubi
  2 worms
  3 dart slugs (D:2)
  32 orcs
  7 ball pythons
  5 endoplasms (D:1)
  5 giant cockroaches
  13 goblins
  9 hobgoblins
  5 jackals
  3 quokkas
  9 bats
  3 frilled lizards
  10 kobolds
  7 rats
377 creatures vanquished.

Vanquished Creatures (others)
  A hornet (Lair:5)
  12 fungi
  48 plants
61 creatures vanquished.

Grand Total: 438 creatures vanquished

Notes
Turn   | Place    | Note
-------+----------+-------------------------------------------
     0 | D:1      | bande the Gargoyle Fighter began the quest for the Orb.
     0 | D:1      | Reached XP level 1. HP: 14/14 MP: 1/1
    33 | D:1      | Reached XP level 2. HP: 9/19 MP: 2/2
   243 | D:1      | Reached skill level 2 in Axes
   243 | D:1      | Reached XP level 3. HP: 12/24 MP: 3/3
   890 | D:1      | Found a faded altar of an unknown god.
  1042 | D:2      | Reached XP level 4. HP: 29/29 MP: 4/4
  1064 | D:2      | Found a shimmering blue altar of Sif Muna.
  1087 | D:2      | Noticed Robin
  1109 | D:2      | Killed Robin
  1110 | D:2      | Reached skill level 3 in Axes
  1186 | D:2      | Identified a scroll of acquirement
  1186 | D:2      | Acquired a +4 heavy broad axe
  1373 | D:2      | Reached XP level 5. HP: 33/33 MP: 5/5
  1890 | D:3      | Noticed Sigmund
  1896 | D:3      | Killed Sigmund
  1897 | D:3      | Reached skill level 4 in Axes
  1897 | D:3      | Reached XP level 6. HP: 34/38 MP: 6/6
  2521 | D:4      | Reached skill level 5 in Axes
  2705 | D:4      | Found a staircase to the Ecumenical Temple.
  2718 | Temple   | Entered the Ecumenical Temple
  3367 | D:5      | Entered Level 5 of the Dungeon
  3380 | D:5      | Reached XP level 7. HP: 22/44 MP: 7/7
  3466 | D:5      | Reached skill level 5 in Armour
  3521 | D:5      | Reached skill level 6 in Axes
  3602 | D:5      | Found a glowing golden altar of the Shining One.
  3608 | D:5      | Reached XP level 8. HP: 48/48 MP: 8/8
  3635 | D:5      | Found an iron altar of Okawaru.
  3694 | D:5      | Became a worshipper of Warmaster Okawaru
  3766 | D:5      | Reached skill level 5 in Fighting
  4070 | D:6      | Identified the +5 ring mail of Fuableiv {Str+3}
  4094 | D:6      | Noticed a troll
  4100 | D:6      | Killed a troll
  4101 | D:6      | Reached skill level 7 in Axes
  4101 | D:6      | Reached skill level 1 in Invocations
  4133 | D:6      | HP: 2/49 [orc warrior/+0 dire flail (8)]
  4316 | D:6      | Acquired 776 gold pieces
  4324 | D:6      | Gained mutation: You are clumsy. (Dex -2) [potion of
                  | mutation]
  4324 | D:6      | Gained mutation: You have a pair of small horns on your
                  | head. [potion of mutation]
  4324 | D:6      | Gained mutation: You have a pair of horns on your head.
                  | [potion of mutation]
  4325 | D:6      | Lost mutation: You have a pair of horns on your head.
                  | [potion of mutation]
  4325 | D:6      | Lost mutation: You have a pair of small horns on your head.
                  | [potion of mutation]
  4325 | D:6      | Lost mutation: You are clumsy. (Dex -2) [potion of
                  | mutation]
  4325 | D:6      | Gained mutation: Your muscles are strong. (Str +4, Int/Dex
                  | -1) [potion of mutation]
  4325 | D:6      | Gained mutation: You have a pair of small antennae on your
                  | head. [potion of mutation]
  4325 | D:6      | Gained mutation: You have hidden genetic potential. [potion
                  | of mutation]
  4325 | D:6      | Gained mutation: Your natural rate of healing is unusually
                  | fast. [potion of mutation]
  4424 | D:6      | Reached * piety under Okawaru
  4646 | D:6      | Reached XP level 9. HP: 54/54 MP: 11/11
  4759 | D:6      | Reached skill level 8 in Axes
  4769 | D:6      | Noticed a cyclops
  4773 | D:6      | Killed a cyclops
  4799 | D:6      | Reached ** piety under Okawaru
  4800 | D:6      | Reached skill level 5 in Shields
  5144 | D:7      | Reached skill level 9 in Axes
  5258 | D:7      | Found a white marble altar of Elyvilon.
  5258 | D:7      | Found a shimmering altar of Xom.
  5258 | D:7      | Found a hide-covered altar of Uskayaw.
  5322 | D:7      | Reached *** piety under Okawaru
  5323 | D:7      | Reached XP level 10. HP: 61/61 MP: 13/13
  5415 | D:7      | Reached skill level 5 in Invocations
  5653 | D:8      | Found Ifei's Antique Armour Emporium.
  5660 | D:8      | Bought a pair of embroidered boots for 187 gold pieces
  5832 | D:8      | Gained mutation: You are partially covered in iridescent
                  | scales. (AC +2) [hidden potential]
  5857 | D:8      | Reached skill level 1 in Evocations
  6006 | D:8      | Killed an unseen horror
  6007 | D:8      | Reached skill level 10 in Axes
  6477 | D:8      | Reached **** piety under Okawaru
  7051 | D:9      | Noticed a centaur warrior
  7051 | D:9      | Noticed a two-headed ogre
  7073 | D:10     | Entered Level 10 of the Dungeon
  7119 | D:10     | Killed a two-headed ogre
  7378 | D:9      | Killed a centaur warrior
  7378 | D:9      | Reached ***** piety under Okawaru
  7379 | D:9      | Reached XP level 11. HP: 49/67 MP: 15/15
  7421 | D:9      | Identified the amulet "Oggis" {Reflect +Inv Will+ Dex+4
                  | SH+5}
  7499 | D:9      | Gained mutation: A frigid envelope surrounds you and
                  | freezes all who hurt you. [hidden potential]
  7499 | D:9      | Lost mutation: You have hidden genetic potential. [hidden
                  | potential expressed]
  7527 | D:9      | Noticed a deep elf pyromancer
  7551 | D:9      | Killed a deep elf pyromancer
  7570 | D:9      | Noticed a centaur warrior
  7571 | D:9      | Noticed a centaur warrior
  7579 | D:9      | Killed a centaur warrior
  7579 | D:9      | Received a gift from Okawaru
  7580 | D:9      | Reached skill level 11 in Axes
  7580 | D:9      | Killed a centaur warrior
  8292 | D:10     | Received a gift from Okawaru
  8569 | D:10     | Reached XP level 12. HP: 74/74 MP: 17/17
  8732 | D:10     | Found a radiant altar of Vehumet.
  9003 | D:11     | Identified the +1 falchion of Prudence {flame, rPois rF++
                  | Dex+3}
  9148 | D:11     | Found a staircase to the Lair.
  9199 | D:11     | Reached skill level 12 in Axes
  9628 | D:11     | Found a portal to a secret trove of treasure.
  9940 | D:11     | Found a white marble altar of Elyvilon.
  9985 | Lair:1   | Entered Level 1 of the Lair of Beasts
 10029 | Lair:1   | Reached skill level 5 in Evocations
 10893 | Lair:2   | Found a staircase to the Swamp.
 11553 | Lair:3   | Received a gift from Okawaru
 12022 | Lair:3   | Reached ****** piety under Okawaru
 12034 | Lair:3   | Found a dark tunnel.
 12045 | Volcano  | Entered a volcano
 12075 | Volcano  | Noticed a hell knight
 12085 | Volcano  | Killed a hell knight
 12086 | Volcano  | Reached XP level 13. HP: 76/80 MP: 19/19
 12230 | Volcano  | Reached skill level 13 in Axes
 12402 | Lair:3   | Found a hole to the Spider Nest.
 12693 | Lair:4   | Identified the +6 troll leather armour "Wudwydeg" {Regen+
                  | Str+5 Int+4 Dex+4 Stlth+} (Okawaru gifted it to you on
                  | level 4 of the Lair of Beasts)
 12693 | Lair:4   | Received a gift from Okawaru
 12723 | Lair:4   | Found a staircase to the Slime Pits.
 12724 | Lair:4   | Found a viscous altar of Jiyva.
 12944 | Lair:4   | Found a runed translucent door.
 12945 | Lair:4   | Noticed Dutwide's ghost (journeyman MfGl)
 12949 | Lair:4   | Identified the +8 spear of the Final Xenophobes {flame,
                  | Int+3}
 13718 | Lair:4   | Killed Dutwide's ghost
 13999 | Lair:5   | Entered Level 5 of the Lair of Beasts
 14148 | Lair:5   | Reached skill level 10 in Invocations
 14158 | Lair:5   | Identified the +3 pair of gloves of Afuf {rN+ Regen+ Int-3
                  | Slay+2} (Okawaru gifted it to you on level 5 of the Lair of
                  | Beasts)
 14158 | Lair:5   | Received a gift from Okawaru
 14320 | Lair:5   | Noticed Rupert
 14332 | Lair:5   | Reached skill level 10 in Fighting
 14339 | Lair:5   | Reached skill level 14 in Axes
 14343 | Lair:5   | Slain by Rupert

Illustrated notes

Levels and vault maps discovered:
D:1:      minmay_arrival_three_doors, layout_loops_cross,
          shapermc_ecumenical_altar_mp_vishouse
D:2:      layout_rooms, basic_altar, uniq_robin
D:3:      layout_basic, uniq_sigmund
D:4:      layout_gridville, temple_pool_b
D:5:      layout_cave_pools, general_overflow_altar,
          mainiacjoe_overflow_tiny_flanked, serial_demonic, serial_demonic_d,
          serial_demonic_g, serial_demonic_d, serial_demonic_e
D:6:      minmay_chambers_of_sixes, layout_loops_ring
D:7:      layout_rooms, gammafunk_temple_overflow_claw, worms_lemuel
D:8:      layout_basic, serial_shops, shop_fountains
D:9:      minmay_slanted_spiral_squares, layout_irregular_city
D:10:     kennysheep_ambush_hall, layout_long_grid, nicolae_vehumet_altar_sigil
D:11:     layout_basic, lair_entry_dummy, nicolae_trove_entry_path_of_doom,
          nicolae_elyvilon_temple_path
Temple:   nicolae_temple_bog_church
Lair:1:   layout_cave_pods, serial_forest, infiniplex_forest_lined_4_way,
          infiniplex_forest_end_3, infiniplex_forest_corner_1,
          infiniplex_forest_lined_3_way, infiniplex_forest_clump_diagonal,
          infiniplex_forest_zigzag_2
Lair:2:   layout_gridlike, swamp_mist, chequers_serial_rivers_micro_d
Lair:3:   layout_cave_pods, dummy_spider_entry, nicolae_volcano_entry_vermiform
Lair:4:   layout_cave_pods, slime_entry_1, ebering_ghost_funeral_grove,
          columned_hall_lemuel
Lair:5:   gammafunk_lair_ancient_temple, layout_cave_pods, uniq_rupert

Skill      XL: |  1  2  3  4  5  6  7  8  9 10 11 12 13 |
---------------+----------------------------------------+-----
Axes           | 2 3 4 5 6 7 9 10 11 12 14 | 14.0
Armour         | 4 5 6 7 8 9 |  9.3
Fighting       | 4 5 6 7 8 9 10 | 10.0
Shields        | 4 5 6 7 9 |  9.2
Invocations    | 2 4 6 7 9 10 | 10.3
Evocations     | 2 4 5 6 |  6.9

Action                     |  1- 3 |  4- 6 |  7- 9 | 10-12 | 13-15 || total
---------------------------+-------+-------+-------+-------+-------++-------
  Melee: War axe           |   101 |    31 |       |       |       ||   132
         Broad axe         |       |    98 |   134 |   390 |   204 ||   826
    Use: Scroll            |       |     7 |    11 |    12 |       ||    30
         Potion            |       |       |     4 |       |       ||     4
   Stab: Sleeping          |       |       |       |       |     1 ||     1
 Armour: Scale mail        |    62 |    30 |       |       |       ||    92
         Chain mail        |       |   103 |    48 |       |    17 ||   168
         Plate armour      |       |       |    65 |   286 |       ||   351
         Ring mail         |       |       |    18 |       |       ||    18
         Troll leather arm |       |       |       |       |    89 ||    89
  Dodge: Dodged            |    58 |    80 |    73 |   171 |   125 ||   507
  Block: Buckler           |    21 |    36 |    40 |   237 |   153 ||   487
         Reflection        |       |       |       |     5 |     4 ||     9

Table legend: (Time is in decaauts)
 A = Elapsed time spent in this place.
 B = Non-inter-level travel time spent in this place.
 C = Inter-level travel time spent in this place.
 D = Time resting spent in this place.
 E = Time spent auto-exploring this place.
 F = Levels seen in this place.
 G = Mean time per level.
                   A        B        C        D        E       F      G
               +--------+--------+--------+--------+--------+-----+--------+
         Total |  14683 |  14046 |    637 |   1531 |   9646 |  18 |  815.7 |
       Dungeon |  10136 |   9602 |    534 |   1272 |   6239 |  11 |  921.5 |
        Temple |    189 |    177 |     12 |      0 |    164 |   1 |  189.0 |
          Lair |   4092 |   4001 |     91 |    222 |   3101 |   5 |  818.4 |
       Volcano |    264 |    264 |      0 |     37 |    141 |   1 |  264.0 |
               +--------+--------+--------+--------+--------+-----+--------+

Top non-repeatable levels by time:
  Lair:4: 1365 daAuts
     D:6: 1174 daAuts
     D:8: 1170 daAuts
    D:10: 1140 daAuts
     D:9: 1070 daAuts
     D:1: 1029 daAuts
    D:11: 988 daAuts
     D:3: 889 daAuts
     D:4: 865 daAuts
  Lair:1: 851 daAuts
  Lair:3: 823 daAuts
  Lair:2: 708 daAuts
     D:5: 660 daAuts
     D:7: 583 daAuts
     D:2: 564 daAuts
